 Dungeon Crawl Stone Soup version 0.17.1-3-g152610e (webtiles) character file.

61 senseless the Conjurer (level 3, -4/26 HPs)
             Began as a Draconian Conjurer on Apr 19, 2016.
             Slain by a hobgoblin
             ... wielding a +0 club
              (6 damage)
             ... on level 2 of the Dungeon.
             The game lasted 00:09:02 (1725 turns).

senseless the Conjurer (Draconian Conjurer)         Turns: 1725, Time: 00:09:02

Health: -4/26      AC:  5    Str: 13    XL:     3   Next: 83%
Magic:  3/6        EV: 12    Int: 16    God:
Gold:   75         SH:  0    Dex: 11    Spells: 1 memorised, 6 levels left

rFire  . . .     SeeInvis .     g - +0 short sword
rCold  . . .     Clarity  .     (armour unavailable)
rNeg   . . .     SustAt   .     (no shield)
rPois  .         Gourm    .     (helmet restricted)
rElec  .         Spirit   .     (no cloak)
rCorr  .         Warding  .     (no gloves)
rMut   .         Stasis   .     (no boots)
MR     .....                    (no amulet)
Stlth  ++........               (no ring)
                                p - +3 ring of strength

@: lethally poisoned (-4 -> -19), very slightly contaminated, invisible, not
resistant to hostile enchantments, unstealthy
A: unfitting armour, cold-blooded, AC +5
a: no special abilities


You were on level 2 of the Dungeon.
You were hungry.

You visited 1 branch of the dungeon, and saw 3 of its levels.

You collected 75 gold pieces.

Inventory:

Hand Weapons
 g - a +0 short sword (weapon)
Jewellery
 p - a +3 ring of strength (left hand)
Scrolls
 d - a scroll of remove curse
 j - a scroll of magic mapping
 o - a scroll of recharging
Potions
 h - a potion of invisibility
 i - a potion of agility {unknown}
 k - 2 potions of brilliance {unknown}
 n - 4 potions of curing {unknown}
Books
 a - a book of Conjurations

   Spells                             Type                      Level
   a - Magic Dart                     Conjuration                  1
   b - Searing Ray                    Conjuration                  2
   c - Dazzling Spray                 Conjuration/Hexes            3
   d - Fulminant Prism                Conjuration/Hexes            4
   e - Iskenderun's Mystic Blast      Conjuration                  4
   f - Iskenderun's Battlesphere      Conjuration/Charms           5
Comestibles
 b - a bread ration
 f - a meat ration


   Skills:
 + Level 2.5 Dodging
 - Level 1.8 Stealth
 + Level 2.6 Spellcasting
 + Level 4.6 Conjurations


You had 6 spell levels left.
You knew the following spells:

 Your Spells              Type           Power        Failure   Level  Hunger
a - Magic Dart            Conj           ###.         3%          1    #......


Dungeon Overview and Level Annotations

Branches:
Dungeon (3/15)

Altars:
Ashenzari

Annotations:
D:1 1 runed door


Innate Abilities, Weirdness & Mutations

Your plain brown scales are hard (AC +5).
Your body does not fit into most forms of armour.
You are cold-blooded and may be slowed by cold attacks.


Message History

The adder is severely wounded.
* * * LOW HITPOINT WARNING * * *
You feel sick. The adder bites you.
* * * LOW HITPOINT WARNING * * *
You are more poisoned.
The adder poisons you!
Casting: Magic Dart
Confirm with . or Enter, or press ? or * to list all spells.
Aiming: Magic Dart
Press: ? - help, Shift-Dir - straight line, f/p - adder
Aim: an adder (severely wounded)
The magic dart hits the adder.
You kill the adder!
* * * LOW HITPOINT WARNING * * *
You feel sick.
It was a potion of invisibility.
You fade into invisibility!
* * * LOW HITPOINT WARNING * * *
You feel sick. The hobgoblin hits you with a club.
You die...

############
############..........#
#............########.#
#.#...######## #.#
#.#.#.# #.# ##.#.#.#
#.# .....#.# #.#
...###.#############
#.# ...#
#.........g@..# #.#
...# #############.#
#.# ...# #.###.## ...#
#.##...## ...#
#.#.....# ####
#.#.....# ### #.#.....#
..# #.##...######## ..#
#.............#


You could see a hobgoblin.

Vanquished Creatures
  2 adders (D:2)
  A giant gecko (D:3)
  8 hobgoblins
  5 kobolds
  5 bats
  3 giant cockroaches (D:1)
  3 giant newts
  4 goblins
  2 jackals (D:2)
  8 rats
41 creatures vanquished.

Notes
Turn   | Place    | Note
--------------------------------------------------------------
     0 | D:1      | senseless the Draconian Conjurer began the quest for the Orb.
     0 | D:1      | Reached XP level 1. HP: 14/14 MP: 3/3
     1 | D:1      | Found a runed door.
     1 | D:1      | Noticed a jelly
   299 | D:1      | Reached XP level 2. HP: 20/20 MP: 3/5
  1015 | D:2      | Reached XP level 3. HP: 26/26 MP: 4/6
  1325 | D:2      | Found a shattered altar of Ashenzari.
  1725 | D:2      | Slain by a hobgoblin

Action                   || total
-------------------------++-------
Melee: Dagger            ||     9
       Unarmed           ||     2
       Short sword       ||    49
 Cast: Magic Dart        ||    75
  Use: Scroll            ||     6
       Potion            ||     1
 Stab: Sleeping          ||     1
  Eat: Chunk             ||     3
